AoeStats
← frank

Golden Pit

503543447Analyzed
1v1 RM · 1mo ago on Sep 1, 2026· 47m 4s· 2 players
Game mode
Random Map
Map size
Tiny (2 player)
Population
200
Speed
Normal
Resources
Standard
Victory
Conquest
Starting age
Dark Age
Ending age
Imperial Age
RankedLock teamsTeams togetherTeam positionsShared explorationLock speedFull tech treeHidden civsTurbo modeCheats
Victory
Defeat
🇲🇽 Khmer · Mexico
1210
+15
🇺🇸 Khmer · United States
1197
-15
TypicalFaun1197
5:21 Loom
8:49 Feudal Age
9:32 Double-Bit Axe
9:36 Horse Collar
12:49 Town Watch
22:07 Castle Age
21:14 Gold Mining
22:04 Wheelbarrow
23:03 Bow Saw
22:56 Heavy Plow
23:46 Pikeman
30:23 Scale Mail Armor
30:37 Forging
31:26 Hand Cart
36:09 Imperial Age
37:25 Fletching
37:08 Halberdier
38:25 Scale Mail Armor
39:57 Masonry
40:37 Chain Mail Armor
40:55 Ballistics
43:52 Conscription
44:23 Iron Casting
46:36 Blast Furnace
45:06 Light Cavalry
46:15 Scale Barding Armor
frank
7:15 Loom
9:44 Feudal Age
17:48 Double-Bit Axe
18:00 Horse Collar
22:50 Castle Age
21:46 Scale Barding Armor
22:04 Bloodlines
22:44 Forging
23:54 Bow Saw
26:12 Padded Archer Armor
27:41 Leather Archer Armor
28:33 Fletching
30:37 Wheelbarrow
31:11 Ballistics
31:21 Bodkin Arrow
38:29 Imperial Age
36:15 Gold Mining
36:12 Town Watch
36:43 Hand Cart
36:35 Stone Mining
37:53 Gold Shaft Mining
37:06 Elite Skirmisher
38:40 Iron Casting
39:16 Stone Shaft Mining
40:24 Chemistry
39:59 Town Patrol
40:35 Conscription
43:46 Parthian Tactics
43:55 Masonry
44:20 Ring Archer Armor
44:11 Chain Barding Armor
44:09 Murder Holes
43:56 Heavy Cavalry Archer
46:29 Blast Furnace
46:10 Bracer
45:56 Light Cavalry
46:37 Husbandry
Connection lost

Rejoining the realm…

Still unreachable

The connection could not be restored.

Session expired

The server has moved on; the page needs a fresh start.